TOP OF THE 1ST |
Delmarva Shorebirds batting - Pitching for Bowling Green Hot Rods : RHP Colin Lancey Jr.
|
Pitching: RHP Colin Lancey Jr.
|
|
Batting: LHB Pat Shaddock
|
0-0: Ball 1-0: Called Strike 1-1: SINGLE (Line Drive, 89M, EV 91.2 MPH)
|
Batting: RHB Francisco Viera
|
0-0: Called Strike 0-1: Called Strike 0-2: Strikes out swinging
|
Batting: LHB Andrew Erens
|
0-0: Called Strike 0-1: Foul Ball, location: 2F 0-2: Ball 1-2: Strikes out swinging
|
Batting: RHB Dan Staggs
|
0-0: Called Strike 0-1: Called Strike 0-2: Ball 1-2: Strikes out swinging
|
Top of the 1st over - 0 runs, 1 hit, 0 errors, 1 left on base; Delmarva 0 - Bowling Green 0 |
BOTTOM OF THE 1ST |
Bowling Green Hot Rods batting - Pitching for Delmarva Shorebirds : RHP Brent Widder
|
Pitching: RHP Brent Widder
|
|
Batting: RHB Jonathan Fraire
|
0-0: Ball 1-0: Called Strike 1-1: SINGLE (Groundball, 56, EV 105.0 MPH)
|
Batting: LHB Jake Rheaume
|
0-0: Ball 1-0: Fly out, F7 (Flyball, 7LS, EV 89.4 MPH)
|
Batting: RHB Adam Kaeser
|
0-0: Called Strike 0-1: SINGLE (Groundball, 56D, EV 110.0 MPH) Jonathan Fraire to second
|
Batting: LHB Mario Ocana
|
0-0: Ball Jonathan Fraire steals 3rd base 1-0: Called Strike 1-1: Ball 2-1: Fly out, F7 (Flyball, 7, EV 94.4 MPH) Runner from 3rd tags up, SCORES, throw by LF
|
Batting: RHB David Ward
|
0-0: Ball 1-0: Called Strike 1-1: Foul Ball, location: 2F 1-2: Foul Ball, location: 2F 1-2: Foul Ball, location: 2F 1-2: Ball 2-2: Fielders Choice at 2nd, 6-4 (Groundball, 6, EV 83.8 MPH)
|
Bottom of the 1st over - 1 run, 2 hits, 0 errors, 1 left on base; Delmarva 0 - Bowling Green 1 |
TOP OF THE 2ND |
Delmarva Shorebirds batting - Pitching for Bowling Green Hot Rods : RHP Colin Lancey Jr.
|
Batting: SHB Ryan Palermo
|
0-0: Ground out 6-3 (Groundball, 6M, EV 84.4 MPH)
|
Batting: RHB Michel Kamphuis
|
0-0: Ball 1-0: Foul Ball, location: 2F 1-1: Swinging Strike 1-2: Strikes out swinging
|
Batting: RHB Willie Manrique
|
0-0: Ball 1-0: Ball 2-0: Called Strike 2-1: Swinging Strike 2-2: Strikes out looking
|
Top of the 2nd over - 0 runs, 0 hits, 0 errors, 0 left on base; Delmarva 0 - Bowling Green 1 |
BOTTOM OF THE 2ND |
Bowling Green Hot Rods batting - Pitching for Delmarva Shorebirds : RHP Brent Widder
|
Batting: SHB Julio Hernandez
|
0-0: Ground out 6-3 (Groundball, P, EV 85.0 MPH)
|
Batting: LHB Jimmy Detrie
|
0-0: Foul Ball, location: 2F 0-1: Foul Ball, location: 2F 0-2: Ball 1-2: Foul Ball, location: 2F 1-2: Ball 2-2: Strikes out swinging
|
Batting: RHB Dermott Kennelly
|
0-0: Ball 1-0: Ground out 4-3 (Groundball, 4M, EV 88.8 MPH)
|
Bottom of the 2nd over - 0 runs, 0 hits, 0 errors, 0 left on base; Delmarva 0 - Bowling Green 1 |
TOP OF THE 3RD |
Delmarva Shorebirds batting - Pitching for Bowling Green Hot Rods : RHP Colin Lancey Jr.
|
Batting: RHB Jon Zimmerman
|
0-0: Reached on error, E5 (Groundball, 5, EV 81.9 MPH)
|
Batting: RHB Julio Ehm
|
0-0: Ball 1-0: Called Strike 1-1: Swinging Strike 1-2: Ball 2-2: Ball 3-2: Base on Balls Jon Zimmerman to second
|
Batting: LHB Pat Shaddock
|
0-0: Called Strike 0-1: Reached via error on a dropped throw from 3B, E4 (Groundball, 5, EV 79.4 MPH) Jon Zimmerman to third Julio Ehm to second
|
Batting: RHB Francisco Viera
|
0-0: Called Strike 0-1: Foul Ball, location: 2F 0-2: Ball 1-2: Ball 2-2: Foul Ball, location: 2F 2-2: Strikes out swinging
|
Batting: LHB Andrew Erens
|
0-0: Foul Ball, location: 2F 0-1: Ball 1-1: Swinging Strike 1-2: Grounds into fielders choice 1-2 (Groundball, 25, EV 65.6 MPH) Julio Ehm to third Pat Shaddock to second
|
Batting: RHB Dan Staggs
|
0-0: Called Strike 0-1: Swinging Strike 0-2: Strikes out swinging
|
Top of the 3rd over - 0 runs, 0 hits, 2 errors, 3 left on base; Delmarva 0 - Bowling Green 1 |
BOTTOM OF THE 3RD |
Bowling Green Hot Rods batting - Pitching for Delmarva Shorebirds : RHP Brent Widder
|
Batting: RHB Evan Chalarian
|
0-0: Ball 1-0: Foul Ball, location: 2F 1-1: Foul Ball, location: 2F 1-2: Foul Ball, location: 2F 1-2: Strikes out swinging
|
Batting: RHB Jonathan Fraire
|
0-0: Called Strike 0-1: Hit by Pitch
|
Batting: LHB Jake Rheaume
|
0-0: Ball Jonathan Fraire steals 2nd base 1-0: Called Strike 1-1: Swinging Strike 1-2: Foul Ball, location: 2F 1-2: Strikes out swinging
|
Batting: RHB Adam Kaeser
|
0-0: Ball 1-0: Ball 2-0: Foul Ball, location: 2F 2-1: Ball 3-1: Foul Ball, location: 2F 3-2: SINGLE (Line Drive, 3L, EV 96.9 MPH) Jonathan Fraire to third Runner from 3rd tries for Home, SAFE, throw by RF to home Adam Kaeser to second
|
Batting: LHB Mario Ocana
|
0-0: Ground out 6-3 (Groundball, 4M, EV 85.0 MPH)
|
Bottom of the 3rd over - 1 run, 1 hit, 0 errors, 1 left on base; Delmarva 0 - Bowling Green 2 |
TOP OF THE 4TH |
Delmarva Shorebirds batting - Pitching for Bowling Green Hot Rods : RHP Colin Lancey Jr.
|
Batting: SHB Ryan Palermo
|
0-0: Called Strike 0-1: Ball 1-1: Ground out U3 (Groundball, 3, EV 82.5 MPH)
|
Batting: RHB Michel Kamphuis
|
0-0: Foul Ball, location: 2F 0-1: Foul Ball, location: 2F 0-2: Foul Ball, location: 2F 0-2: Foul Ball, location: 2F 0-2: Ball 1-2: Ground out 6-3 (Groundball, 6M, EV 88.1 MPH)
|
Batting: RHB Willie Manrique
|
0-0: Ball 1-0: Ball 2-0: Ball 3-0: Base on Balls
|
Batting: RHB Jon Zimmerman
|
0-0: Called Strike 0-1: Ball 1-1: Foul Ball, location: 2F 1-2: Ball 2-2: Ball 3-2: Base on Balls Willie Manrique to second
|
Batting: RHB Julio Ehm
|
0-0: Ball 1-0: SINGLE (Groundball, P, EV 83.8 MPH) (infield hit) Willie Manrique to third Jon Zimmerman to second
|
Batting: LHB Pat Shaddock
|
0-0: Ball 1-0: Called Strike 1-1: Ball 2-1: SINGLE (Groundball, 6MS, EV 70.0 MPH) (infield hit) Willie Manrique scores Jon Zimmerman to third Julio Ehm to second
|
Batting: RHB Francisco Viera
|
0-0: Foul Ball, location: 2F 0-1: Called Strike 0-2: Fly out, F7 (Flyball, 78XD, EV 93.1 MPH)
|
Top of the 4th over - 1 run, 2 hits, 0 errors, 3 left on base; Delmarva 1 - Bowling Green 2 |
BOTTOM OF THE 4TH |
Bowling Green Hot Rods batting - Pitching for Delmarva Shorebirds : RHP Brent Widder
|
Batting: RHB David Ward
|
0-0: Foul Ball, location: 2F 0-1: Foul Ball, location: 2F 0-2: Ball 1-2: Foul Ball, location: 2F 1-2: Ball 2-2: Ground out 6-3 (Groundball, 6, EV 83.1 MPH)
|
Batting: SHB Julio Hernandez
|
0-0: Ball 1-0: Ground out 1-3 (Groundball, 13S, EV 77.5 MPH)
|
Batting: LHB Jimmy Detrie
|
0-0: Called Strike 0-1: Called Strike 0-2: Foul Ball, location: 2F 0-2: Ball 1-2: Ground out 4-3 (Groundball, 4M, EV 78.8 MPH)
|
Bottom of the 4th over - 0 runs, 0 hits, 0 errors, 0 left on base; Delmarva 1 - Bowling Green 2 |
TOP OF THE 5TH |
Delmarva Shorebirds batting - Pitching for Bowling Green Hot Rods : RHP Colin Lancey Jr.
|
Batting: LHB Andrew Erens
|
0-0: Ground out 6-3 (Groundball, 6, EV 82.5 MPH)
|
Batting: RHB Dan Staggs
|
0-0: Ball 1-0: Called Strike 1-1: Ball 2-1: Foul Ball, location: 2F 2-2: Ball 3-2: SINGLE (Groundball, 4, EV 101.9 MPH)
|
Batting: SHB Ryan Palermo
|
0-0: DOUBLE (Line Drive, 78D, EV 102.5 MPH) Dan Staggs to third Runner from 3rd tries for Home, SAFE, no throw by CF
|
Batting: RHB Michel Kamphuis
|
0-0: Ball Ryan Palermo steals 3rd base 1-0: Ball 2-0: Called Strike 2-1: Ball 3-1: Fly out, F2 (Popup, 23F, EV 85.0 MPH)
|
Batting: RHB Willie Manrique
|
0-0: Ball 1-0: Ground out U3 (Groundball, 34S, EV 92.5 MPH)
|
Top of the 5th over - 1 run, 2 hits, 0 errors, 1 left on base; Delmarva 2 - Bowling Green 2 |
BOTTOM OF THE 5TH |
Bowling Green Hot Rods batting - Pitching for Delmarva Shorebirds : RHP Brent Widder
|
Batting: RHB Dermott Kennelly
|
0-0: SINGLE (Flyball, 9, EV 92.5 MPH)
|
Batting: RHB Evan Chalarian
|
0-0: Called Strike 0-1: Ball Dermott Kennelly is caught stealing 2nd base 2-4 1-1: Foul Ball, location: 2F 1-2: Strikes out swinging
|
Batting: RHB Jonathan Fraire
|
0-0: Foul Ball, location: 2F 0-1: Ground out 4-3 (Groundball, 4, EV 105.6 MPH)
|
Bottom of the 5th over - 0 runs, 1 hit, 0 errors, 0 left on base; Delmarva 2 - Bowling Green 2 |
TOP OF THE 6TH |
Delmarva Shorebirds batting - Pitching for Bowling Green Hot Rods : RHP Colin Lancey Jr.
|
Batting: RHB Jon Zimmerman
|
0-0: Ball 1-0: Called Strike 1-1: Foul Ball, location: 2F 1-2: Foul Ball, location: 2F 1-2: Ball 2-2: Fly out, F9 (Flyball, 9LD, EV 98.8 MPH)
|
Batting: RHB Julio Ehm
|
0-0: Swinging Strike 0-1: Ball 1-1: Swinging Strike 1-2: Strikes out swinging
|
Batting: LHB Pat Shaddock
|
0-0: Ball 1-0: Foul Ball, location: 2F 1-1: Ground out 1-3 (Groundball, 15S, EV 71.9 MPH)
|
Top of the 6th over - 0 runs, 0 hits, 0 errors, 0 left on base; Delmarva 2 - Bowling Green 2 |
BOTTOM OF THE 6TH |
Bowling Green Hot Rods batting - Pitching for Delmarva Shorebirds : RHP Brent Widder
|
Batting: LHB Jake Rheaume
|
0-0: Ball 1-0: Ball 2-0: Ball 3-0: Called Strike 3-1: Base on Balls
|
Batting: RHB Adam Kaeser
|
0-0: Swinging Strike 0-1: Ball 1-1: Foul Ball, location: 2F 1-2: Foul Ball, location: 2F 1-2: DOUBLE (Line Drive, 89D, EV 102.5 MPH) Jake Rheaume to third
|
Batting: LHB Mario Ocana
|
0-0: Intentional Walk
|
Batting: RHB David Ward
|
0-0: Called Strike 0-1: Called Strike 0-2: Strikes out swinging
|
Batting: SHB Julio Hernandez
|
0-0: Foul Ball, location: 2F 0-1: Swinging Strike 0-2: Ball 1-2: Ball 2-2: Ball 3-2: SINGLE (Line Drive, 56D, EV 98.1 MPH) Jake Rheaume scores Adam Kaeser to third Mario Ocana to second
|
Pitching: LHP Eric Bice
|
|
Batting: LHB Jimmy Detrie
|
0-0: Ball 1-0: SINGLE (Groundball, 34D, EV 106.9 MPH) Adam Kaeser scores Mario Ocana to third Julio Hernandez to second Runner from 3rd tries for Home, SAFE, throw by RF to home
|
Batting: RHB Dermott Kennelly
|
0-0: Grounds into double play, 4-6-3 (Groundball, 4, EV 104.4 MPH)
|
Bottom of the 6th over - 3 runs, 3 hits, 0 errors, 1 left on base; Delmarva 2 - Bowling Green 5 |
TOP OF THE 7TH |
Delmarva Shorebirds batting - Pitching for Bowling Green Hot Rods : RHP Colin Lancey Jr.
|
Batting: RHB Francisco Viera
|
0-0: Ball 1-0: Called Strike 1-1: Swinging Strike 1-2: Foul Ball, location: 2F 1-2: Ball 2-2: Strikes out swinging
|
Batting: LHB Andrew Erens
|
0-0: SINGLE (Groundball, 6S, EV 71.9 MPH) (infield hit)
|
Batting: RHB Dan Staggs
|
0-0: Ball Andrew Erens steals 2nd base 1-0: SINGLE (Groundball, 56D, EV 103.8 MPH) - runner OUT being hit by batted ball. (infield hit)
|
Pitching: RHP Alec Bassett
|
|
Batting: SHB Ryan Palermo
|
0-0: 2-RUN HOME RUN (Flyball, 9D, EV 93.8 MPH), Distance : 349 ft
|
Batting: RHB Michel Kamphuis
|
0-0: Ground out 6-3 (Groundball, 6, EV 81.9 MPH)
|
Top of the 7th over - 2 runs, 3 hits, 0 errors, 0 left on base; Delmarva 4 - Bowling Green 5 |
BOTTOM OF THE 7TH |
Bowling Green Hot Rods batting - Pitching for Delmarva Shorebirds : LHP Eric Bice
|
Batting: RHB Evan Chalarian
|
0-0: Called Strike 0-1: Ball 1-1: Ball 2-1: Ball 3-1: Fly out, F9 (Flyball, 9LS, EV 87.5 MPH)
|
Batting: RHB Jonathan Fraire
|
0-0: Fly out, F7 (Flyball, 78S, EV 91.9 MPH)
|
Batting: LHB Jake Rheaume
|
0-0: Called Strike 0-1: Ball 1-1: Ball 2-1: Foul Ball, location: 2F 2-2: Ball 3-2: Strikes out looking
|
Bottom of the 7th over - 0 runs, 0 hits, 0 errors, 0 left on base; Delmarva 4 - Bowling Green 5 |
TOP OF THE 8TH |
Delmarva Shorebirds batting - Pitching for Bowling Green Hot Rods : RHP Alec Bassett
|
Batting: RHB Willie Manrique
|
0-0: Ball 1-0: Ball 2-0: Foul Ball, location: 2F 2-1: Ball 3-1: Swinging Strike 3-2: Ground out 6-3 (Groundball, 56, EV 82.5 MPH)
|
Batting: RHB Jon Zimmerman
|
0-0: Called Strike 0-1: Ball 1-1: Swinging Strike 1-2: Foul Ball, location: 2F 1-2: Ball 2-2: Foul Ball, location: 2F 2-2: Foul Ball, location: 2F 2-2: Ball 3-2: Strikes out looking
|
Batting: RHB Julio Ehm
|
0-0: Ball 1-0: Ball 2-0: Called Strike 2-1: SINGLE (Groundball, 4MD, EV 103.1 MPH)
|
Pitching: LHP Chris Polite
|
|
Pinch Hitting: RHB Alex Jacobo
|
0-0: Ball 1-0: Ball 2-0: Foul Ball, location: 2F 2-1: Foul Ball, location: 2F 2-2: Strikes out swinging
|
Top of the 8th over - 0 runs, 1 hit, 0 errors, 1 left on base; Delmarva 4 - Bowling Green 5 |
BOTTOM OF THE 8TH |
Bowling Green Hot Rods batting - Pitching for Delmarva Shorebirds : LHP Eric Bice
|
Pitching: RHP Nick Hoag
|
|
Now at 1B: Alex Jacobo
|
|
Batting: RHB Adam Kaeser
|
0-0: Ball 1-0: Called Strike 1-1: Ball 2-1: Foul Ball, location: 2F 2-2: Ground out 5-3 (Groundball, 56, EV 106.9 MPH)
|
Batting: LHB Mario Ocana
|
0-0: Ball 1-0: Ball 2-0: Foul Ball, location: 2F 2-1: Foul Ball, location: 2F 2-2: Strikes out looking
|
Batting: RHB David Ward
|
0-0: Called Strike 0-1: Ground out 6-3 (Groundball, 6, EV 100.6 MPH)
|
Bottom of the 8th over - 0 runs, 0 hits, 0 errors, 0 left on base; Delmarva 4 - Bowling Green 5 |
TOP OF THE 9TH |
Delmarva Shorebirds batting - Pitching for Bowling Green Hot Rods : LHP Chris Polite
|
Pitching: RHP Al Speer
|
|
Now at SS: Eric Waugaman
|
|
Batting: RHB Francisco Viera
|
0-0: Ball 1-0: Called Strike 1-1: Foul Ball, location: 2F 1-2: Foul Ball, location: 2F 1-2: Strikes out swinging
|
Batting: LHB Andrew Erens
|
0-0: Ball 1-0: Ground out 4-3 (Groundball, 4S, EV 76.2 MPH)
|
Batting: RHB Dan Staggs
|
0-0: Swinging Strike 0-1: Ball 1-1: Foul Ball, location: 2F 1-2: Strikes out swinging
|
Top of the 9th over - 0 runs, 0 hits, 0 errors, 0 left on base; Delmarva 4 - Bowling Green 5 |
|